 Dungeon Crawl Stone Soup version 0.19.0-2-gae57169 (webtiles) character file.

845 lorenzova the Thaumaturge (level 7, -6/36 HPs)
             Began as a Deep Elf Conjurer on Nov 6, 2016.
             Was an Initiate of Vehumet.
             Killed by divine providence
             ... invoked by an orc priest
              (14 damage)
             ... on level 5 of the Dungeon.
             The game lasted 00:09:19 (5021 turns).

lorenzova the Thaumaturge (Deep Elf Conjurer)       Turns: 5021, Time: 00:09:21

Health: -6/36      AC:  3    Str:  5    XL:     7   Next: 68%
Magic:  7/21       EV: 15    Int: 22    God:    Vehumet [......]
Gold:   314        SH:  0    Dex: 15    Spells: 3 memorised, 13 levels left

rFire  . . .     SeeInvis .     (no weapon)
rCold  . . .     Gourm    .     a - +0 robe
rNeg   . . .     Faith    .     (no shield)
rPois  +         Spirit   .     (no helmet)
rElec  .         Reflect  .     o - +0 cloak {rPois}
rCorr  .         Harm     .     (no gloves)
MR     .....                    (no boots)
Stlth  ++........               (no amulet)
                                (no ring)
                                x - +2 ring of evasion

@: no status effects
A: no striking features
a: Renounce Religion


You were on level 5 of the Dungeon.
You worshipped Vehumet.
Vehumet was noncommittal.
You were hungry.

You visited 2 branches of the dungeon, and saw 6 of its levels.

You collected 314 gold pieces.

Inventory:

Armour
 a - a +0 robe (worn)
 o - a +0 cloak of poison resistance (worn)
Jewellery
 l - an uncursed amulet of faith
 s - an uncursed amulet of the gourmand {unknown}
 x - a +2 ring of evasion (left hand)
Scrolls
 d - 2 scrolls of teleportation
 e - 2 scrolls of identify {unknown}
 g - 3 scrolls of remove curse
 j - a scroll of immolation {unknown}
 k - 2 scrolls of amnesia {unknown}
 n - 2 scrolls of recharging {unknown}
 u - a scroll of fog {unknown}
 v - a scroll of enchant weapon {unknown}
Potions
 f - 2 potions of brilliance {unknown}
 h - a potion of berserk rage {unknown}
 i - a potion of lignification {unknown}
 m - a potion of heal wounds {unknown}
 q - a potion of degeneration {unknown}
 t - a potion of curing {unknown}
 w - 2 potions of resistance {unknown}
 z - a potion of cure mutation {unknown}
Books
 b - a book of Conjurations

   Spells                             Type                      Level
   a - Magic Dart                     Conjuration                  1
   b - Searing Ray                    Conjuration                  2
   c - Dazzling Spray                 Conjuration/Hexes            3
   d - Fulminant Prism                Conjuration/Hexes            4
   e - Iskenderun's Mystic Blast      Conjuration                  4
   f - Iskenderun's Battlesphere      Conjuration/Charms           5
Comestibles
 c - 3 bread rations
 p - a slice of pizza
 r - a meat ration


   Skills:
 - Level 2.4 Dodging
 - Level 2.4 Stealth
 + Level 8.8 Spellcasting
 + Level 7.9 Conjurations


You had 13 spell levels left.
You knew the following spells:

 Your Spells              Type           Power        Failure   Level  Hunger
a - Magic Dart            Conj           ####         1%          1    None
b - Iskenderun's Battles  Conj/Chrm      ####....     38%         5    #####..
c - Iskenderun's Mystic   Conj           #####...     2%          4    ##.....


Dungeon Overview and Level Annotations

Branches:
Dungeon (5/15)             Temple (1/1) D:5

Altars:
Ashenzari
Dithmenos
Gozag
Hepliaklqana
Kikubaaqudgha
Makhleb
Nemelex Xobeh
Okawaru
Qazlal
Trog
Uskayaw
Vehumet
Xom
Yredelemnul
Zin
The Shining One


Message History

Press: ? - help, Shift-Dir - straight line, f/p - orc
Aim: an orc, wielding a hand axe and wearing a scale mail (heavily wounded)
The magic dart hits the orc.
The orc is heavily wounded.
The orc hits you but does no damage.
The orc priest calls down the wrath of Beogh upon you.
Beogh smites you!
* * * LOW HITPOINT WARNING * * *
Casting: Magic Dart
Confirm with . or Enter, or press ? or * to list all spells.
Aiming: Magic Dart
Press: ? - help, Shift-Dir - straight line, f/p - orc
Aim: an orc, wielding a hand axe and wearing a scale mail (heavily wounded)
The magic dart hits the orc.
The orc is heavily wounded.
The orc hits you with a hand axe.
* * * LOW HITPOINT WARNING * * *
The orc priest calls down the wrath of Beogh upon you.
Beogh smites you!
You die...

#.# .....# ## #.#
.....# ...#.# .....# .
###.#.####### .....#
..#...........# .....
.)...##.......# ...
#(#..##.##..#.####o#
#...............@o.#
###.##.†##....#.####
....[>.<##....#.######
..#.##.................
#.#.##.......[#.#######
#.#.............#
#.####..###..####
..........#..#
#.###.#......#


You could see an orc priest and an orc.

Vanquished Creatures
  Grinder (D:3)
  A human (D:4)
  A human zombie (D:4)
  2 hounds (D:4)
  A gnoll shaman (D:4)
  Crazy Yiuf (D:3)
  3 orc wizards
  Jessica (D:2)
  Terence (D:3)
  3 iguanas
  3 gnolls (D:4)
  4 adders
  2 worms
  2 dart slugs
  3 leopard geckos (D:1)
  13 orcs
  3 giant cockroaches
  10 hobgoblins
  11 kobolds
  3 quokkas
  11 bats
  5 frilled lizards
  10 goblins
  5 rats
100 creatures vanquished.

Notes
Turn   | Place    | Note
-------+----------+-------------------------------------------
     0 | D:1      | lorenzova the Deep Elf Conjurer began the quest for the Orb.
     0 | D:1      | Reached XP level 1. HP: 10/10 MP: 6/6
   256 | D:1      | Reached XP level 2. HP: 15/15 MP: 2/8
   590 | D:1      | Reached skill level 4 in Spellcasting
   794 | D:1      | Reached XP level 3. HP: 19/19 MP: 5/10
  1201 | D:2      | Noticed Jessica
  1205 | D:2      | Killed Jessica
  1205 | D:2      | Reached skill level 5 in Conjurations
  1205 | D:2      | Reached XP level 4. HP: 22/24 MP: 7/12
  1229 | D:2      | Learned a level 4 spell: Iskenderun's Mystic Blast
  1244 | D:2      | Found a faded altar of an unknown god.
  1337 | D:2      | Reached skill level 5 in Spellcasting
  1956 | D:3      | Found a runed door.
  2005 | D:3      | Noticed Terence
  2192 | D:3      | Found a glowing golden altar of the Shining One.
  2195 | D:3      | Noticed Grinder
  2519 | D:3      | Killed Terence
  2519 | D:3      | Reached XP level 5. HP: 25/28 MP: 5/15
  2656 | D:3      | Paralysed by Grinder for 4 turns
  2662 | D:3      | Killed Grinder
  2662 | D:3      | Reached skill level 6 in Spellcasting
  2662 | D:3      | Reached XP level 6. HP: 8/32 MP: 2/17
  2981 | D:3      | Reached skill level 7 in Spellcasting
  3182 | D:3      | Learned a level 5 spell: Iskenderun's Battlesphere
  3500 | D:3      | Found a bloodstained altar of Trog.
  3601 | D:3      | Noticed Crazy Yiuf
  3605 | D:3      | Killed Crazy Yiuf
  3756 | D:4      | Reached XP level 7. HP: 19/36 MP: 2/20
  4085 | D:4      | Reached skill level 8 in Spellcasting
  4251 | D:4      | Found a runed door.
  4251 | D:4      | Noticed a human
  4348 | D:4      | Found a basalt altar of Yredelemnul.
  4359 | D:4      | Killed a human
  4478 | D:4      | Found a shimmering altar of Xom.
  4478 | D:4      | Found a hide-covered altar of Uskayaw.
  4484 | D:4      | Found an opulent altar of Gozag.
  4486 | D:4      | Found a shattered altar of Ashenzari.
  4488 | D:4      | Found a hazy altar of Hepliaklqana.
  4570 | D:4      | Found a shadowy altar of Dithmenos.
  4818 | D:5      | Entered Level 5 of the Dungeon
  4826 | D:5      | Found a staircase to the Ecumenical Temple.
  4837 | Temple   | Entered the Ecumenical Temple
  4856 | Temple   | Became a worshipper of Vehumet
  5021 | D:5      | Killed from afar by an orc priest

Skill      XL: |  1  2  3  4  5  6  7 |
---------------+----------------------+-----
Spellcasting   | 4 5 6 7 8 |  8.8
Conjurations   | 5 6 7 |  7.9
Dodging        | |  2.4
Stealth        | |  2.4

Action                   |  1- 3 |  4- 6 |  7- 9 || total
-------------------------+-------+-------+-------++-------
Melee: Unarmed           |       |     2 |       ||     2
 Cast: Magic Dart        |    60 |   140 |    72 ||   272
       Iskenderun's Myst |       |    10 |     6 ||    16
  Use: Scroll            |       |     3 |       ||     3
  Eat: Chunk             |       |     9 |     4 ||    13
Armor: Robe              |     1 |     2 |     4 ||     7
Dodge: Dodged            |    10 |    19 |    20 ||    49
